 Dungeon Crawl Stone Soup version 0.21.1-1-g345015f (webtiles) character file.

3762 acksys the Cleaver (level 9, -8/79 HPs)
             Began as a Minotaur Fighter on Mar 26, 2018.
             Was an Elder of Cheibriados.
             Mangled by a two-headed ogre
             ... wielding a +0 dire flail
              (13 damage)
             ... on level 9 of the Dungeon.
             The game lasted 00:59:06 (6127 turns).

acksys the Cleaver (Minotaur Fighter)               Turns: 6127, Time: 00:59:06

Health: -8/79      AC: 12    Str: 31 (32) XL:     9   Next: 94%
Magic:  6/8        EV:  9    Int: 18 (21) God:    Cheibriados [****..]
Gold:   388        SH: 13    Dex: 21 (22) Spells: 8/8 levels left

rFire    + . .     SeeInvis .   a - +1 war axe
rCold    x . .     Gourm    +   c - +0 shield
rNeg     . . .     Faith    .   i - +0 chain mail
rPois    .         Spirit   .   (helmet restricted)
rElec    .         Reflect  .   (no cloak)
rCorr    .         Harm     .   (no gloves)
MR       .....                  G - +0 pair of boots (curse)
Stlth    ..........             B - amulet of the gourmand
HPRegen  0.23/turn              x - +6 ring of intelligence
MPRegen  0.11/turn              z - ring of fire

@: very slow
A: retaliatory headbutt, horns 2
a: Bend Time, Temporal Distortion, Slouch, Renounce Religion


You were on level 9 of the Dungeon.
You worshipped Cheibriados.
Cheibriados was greatly pleased with you.
You were very full.

You visited 1 branch of the dungeon, and saw 9 of its levels.

You collected 388 gold pieces.

Inventory:

Hand Weapons
 a - a +1 war axe (weapon)
 j - a +0 flail
 p - a +1 dagger of freezing
 q - a +0 shortbow
 t - a +0 short sword of flaming
 v - a +0 giant club
 E - a +0 scythe of slicing
Missiles
 e - 183 stones (quivered)
 n - 4 large rocks
 r - 142 arrows
 C - a throwing net
Armour
 b - a +0 scale mail
 c - a +0 shield (worn)
 h - a +0 leather armour
 i - a +0 chain mail (worn)
 l - a +0 robe
 m - a +0 scale mail
 o - a +0 robe
 G - a cursed +0 pair of boots (worn)
Jewellery
 x - a +6 ring of intelligence (left hand)
 z - a ring of fire (right hand)
 B - an amulet of the gourmand (around neck)
 I - an uncursed ring of wizardry {unknown}
Wands
 y - a wand of iceblast (5)
 F - a wand of paralysis (8)
 J - a wand of flame (29)
Scrolls
 g - a scroll of immolation
 k - 11 scrolls of identify
 u - 2 scrolls of fear
 A - a scroll of amnesia
 D - 4 scrolls of remove curse
 H - a scroll of enchant weapon
 N - a scroll of fog
Potions
 d - a potion of might
 s - a potion of invisibility
 w - a potion of lignification
 K - a potion of flight {unknown}
 L - 3 potions of ambrosia
 M - a potion of degeneration
 O - a potion of haste {unknown}
Comestibles
 f - 15 rations


   Skills:
 + Level 7.1 Fighting
 + Level 11.5 Axes
 + Level 7.5 Armour
 + Level 2.2 Dodging
 + Level 0.6 Stealth
 + Level 9.1 Shields
 + Level 0.1 Invocations


You had 8 spell levels left.
You didn't know any spells.

Dungeon Overview and Level Annotations

Branches:
Dungeon (9/15)             Temple (0/1) D:6
   Lair: D:8-11         Orc: D:9-12

Altars:
Cheibriados
Ru
Vehumet
Xom

Shops:
D:8 }

Annotations:
D:4 arcanemastermind's ghost, amateur DEFE
D:5 Grinder


Innate Abilities, Weirdness & Mutations

You reflexively headbutt those who attack you in melee.
You have a pair of horns on your head.


Message History

The two-headed ogre hits you but does no damage.
You see here 4 javelins.
The two-headed ogre closely misses you.
The two-headed ogre hits you with a giant spiked club!
* * * LOW HITPOINT WARNING * * *
The flow of time bends around you.
The two-headed ogre resists with some effort.
You feel slightly less full.
You block the two-headed ogre's attack. x2
The two-headed ogre closely misses you. You furiously retaliate!
You headbutt the two-headed ogre. You block the two-headed ogre's attack.
You block the two-headed ogre's attack. x2
There is a stone staircase leading down here.
You block the two-headed ogre's attack.
The two-headed ogre hits you with a giant spiked club!
* * * LOW HITPOINT WARNING * * *
You climb downwards.
There is a stone staircase leading up here.
The two-headed ogre closely misses you.
The two-headed ogre hits you with a giant spiked club!
You die...

# #. ## .##
.## # .. ..
#.#.#.##.#
###..O.....#
+.....@#
###....#
#.#..# #
##.. ###


You could see a two-headed ogre.

Vanquished Creatures
  Sigmund (D:6)
  Eustachio (D:6)
  A water moccasin (D:8)
  2 ice beasts
  3 orc warriors
  A phantom (D:8)
  A black bear (D:7)
  3 sky beasts
  3 ogres
  7 centaurs
  A big kobold (D:8)
  The ghost of buriedalive the Magician, an amateur DEFE (D:3)
  2 bullfrogs
  A scorpion (D:8)
  A howler monkey (D:6)
  6 crimson imps
  4 hounds
  A bullfrog skeleton (D:7)
  2 orc priests
  A jelly (D:5)
  10 orc wizards
  Jessica (D:3)
  An iguana (D:5)
  Terence (D:2)
  2 worker ants
  A hound zombie (D:8)
  A hound skeleton (D:4)
  Robin (D:2)
  4 gnolls (D:6)
  10 adders
  2 shadow imps (D:5)
  3 oozes
  An adder skeleton (D:8)
  2 adder zombies
  4 worms
  3 dart slugs
  3 leopard geckos
  39 orcs
  5 giant cockroaches
  16 goblins
  6 hobgoblins
  14 jackals
  4 quokkas
  2 ball pythons
  2 bats (D:1)
  11 kobolds
  2 leopard gecko skeletons
  6 rats
200 creatures vanquished.

Notes
Turn   | Place    | Note
-------+----------+-------------------------------------------
     0 | D:1      | acksys the Minotaur Fighter began the quest for the Orb.
     0 | D:1      | Reached XP level 1. HP: 19/19 MP: 0/0
   227 | D:1      | Reached XP level 2. HP: 27/27 MP: 1/1
   593 | D:2      | Reached XP level 3. HP: 29/33 MP: 2/2
   666 | D:2      | Reached skill level 3 in Axes
   996 | D:2      | Noticed Terence
  1006 | D:2      | Killed Terence
  1006 | D:2      | Reached XP level 4. HP: 24/40 MP: 3/3
  1090 | D:2      | Reached skill level 4 in Axes
  1301 | D:3      | Noticed Jessica
  1307 | D:3      | Killed Jessica
  1307 | D:3      | Reached skill level 5 in Shields
  1312 | D:3      | Noticed buriedalive's ghost (amateur DEFE)
  1323 | D:4      | Noticed an ogre
  1453 | D:2      | Reached XP level 5. HP: 25/46 MP: 4/4
  1463 | D:2      | Noticed Robin
  1469 | D:2      | Killed Robin
  1602 | D:3      | Noticed a centaur
  1699 | D:3      | Killed a centaur
  1770 | D:3      | Reached skill level 5 in Axes
  1772 | D:3      | Reached XP level 6. HP: 52/52 MP: 5/5
  1878 | D:3      | Killed buriedalive's ghost
  2141 | D:4      | Reached skill level 6 in Axes
  2141 | D:4      | Reached skill level 5 in Armour
  2242 | D:4      | Found a snail-covered altar of Cheibriados.
  2251 | D:4      | Became a worshipper of Cheibriados the Contemplative
  2302 | D:4      | Noticed arcanemastermind's ghost (amateur DEFE)
  2440 | D:4      | Reached XP level 7. HP: 43/60 MP: 6/6
  2499 | D:4      | Found a shimmering altar of Xom.
  2864 | D:4      | Reached * piety under Cheibriados
  2864 | D:4      | Reached skill level 1 in Dodging
  2915 | D:4      | Reached skill level 7 in Axes
  3031 | D:5      | Entered Level 5 of the Dungeon
  3122 | D:5      | Reached skill level 5 in Fighting
  3284 | D:5      | Reached XP level 8. HP: 68/68 MP: 7/7
  3292 | D:5      | Reached ** piety under Cheibriados
  3363 | D:5      | Reached skill level 8 in Axes
  3956 | D:6      | Noticed Grinder
  3959 | D:6      | Paralysed by Grinder for 6 turns
  4393 | D:6      | Reached skill level 9 in Axes
  4441 | D:6      | Noticed Eustachio
  4470 | D:6      | Killed Eustachio
  4650 | D:6      | Found a staircase to the Ecumenical Temple.
  4691 | D:6      | Found a sacrificial altar of Ru.
  4691 | D:6      | Found a radiant altar of Vehumet.
  4751 | D:6      | Noticed Sigmund
  4759 | D:6      | Killed Sigmund
  4918 | D:7      | Reached *** piety under Cheibriados
  4923 | D:6      | Reached XP level 9. HP: 77/78 MP: 8/8
  5056 | D:7      | Reached skill level 10 in Axes
  5135 | D:7      | Reached **** piety under Cheibriados
  5405 | D:8      | Found Bedan's Gadget Shoppe.
  5677 | D:8      | Reached skill level 11 in Axes
  6108 | D:8      | Noticed a two-headed ogre
  6127 | D:9      | Mangled by a two-headed ogre

Skill      XL: |  1  2  3  4  5  6  7  8  9 |
---------------+----------------------------+-----
Shields        | 4 5 6 7 9 |  9.1
Armour         | 4 5 6 7 |  7.5
Fighting       | 4 5 6 7 |  7.1
Axes           | 3 4 5 6 7 9 11 | 11.5
Dodging        | 1 2 |  2.2
Stealth        | |  0.6
Invocations    | |  0.1

Action                   |  1- 3 |  4- 6 |  7- 9 || total
-------------------------+-------+-------+-------++-------
Melee: War axe           |    87 |   125 |   295 ||   507
       Headbutt          |    12 |    22 |    90 ||   124
Throw: Stone             |     1 |       |       ||     1
Invok: Bend Time         |       |     1 |     1 ||     2
Evoke: Wand              |       |       |     1 ||     1
  Use: Scroll            |     4 |     2 |     4 ||    10
       Potion            |     2 |     1 |     2 ||     5
  Eat: Chunk             |       |     2 |    12 ||    14
       Ration            |       |     1 |     1 ||     2
Armor: Chain mail        |    51 |    36 |   110 ||   197
Dodge: Dodged            |    17 |    31 |    71 ||   119
Block: Shield            |    56 |    62 |   195 ||   313
